 Dungeon Crawl Stone Soup version 0.27-a0-242-ge0fc76b88b (webtiles) character file.

Game seed: 12775090306502182529

263 Klosterheim the Poker (level 5, -4/60 HPs)
             Began as a Draconian Warper on Feb 3, 2021.
             Was an Initiate of Hepliaklqana.
             Slain by a black bear (8 damage)
             ... on level 4 of the Dungeon.
             The game lasted 00:22:44 (4468 turns).

Klosterheim the Poker (Draconian Warper)            Turns: 4468, Time: 00:22:44

Health: -4/60      AC: 22    Str: 14      XL:     5   Next: 97%
Magic:  0/8        EV:  2    Int: 14      God:    Hepliaklqana [......]
Gold:   143        SH:  0    Dex:  4 (6)  Spells: 5/8 levels left

rFire    . . .     SeeInvis .   a - +0 spear
rCold    . . .     Faith    .   (no shield)
rNeg     + + +     Spirit   +   (armour unavailable)
rPois    +         Reflect  .   (helmet currently unavailable)
rElec    .         Harm     .   (cloak currently unavailable)
rCorr    .         Rampage  .   (gloves currently unavailable)
Will     .....     NoTele   +   (boots currently unavailable)
Stlth    +.........             k - amulet of guardian spirit
HPRegen  0.20/turn              r - -4 ring of dexterity (curse)
MPRegen  0.11/turn              (no ring)

@: tree-form
A: unfitting armour, reduced essence, AC +5
a: Renounce Religion, Recall Ancestor, Ancestor Identity


You were on level 4 of the Dungeon.
You worshipped Hepliaklqana.
Hepliaklqana was noncommittal.
You were a tree.
You visited 2 branches of the dungeon, and saw 5 of its levels.

You collected 143 gold pieces.

Inventory:

Hand Weapons
 a - a +0 spear (weapon)
Missiles
 h - 7 boomerangs (quivered)
 j - 8 poisoned darts
Armour
 g - a +2 pair of boots (melded)
Jewellery
 k - an amulet of guardian spirit (around neck)
 m - an uncursed amulet of the acrobat {unknown}
 r - a cursed -4 ring of dexterity (left branch)
Wands
 p - a wand of random effects (17)
 s - a wand of flame (14)
Scrolls
 b - a scroll of identify
 c - 2 scrolls of blinking
 f - a scroll of enchant armour
 o - a scroll of magic mapping
 t - a scroll of remove curse
Potions
 e - 2 potions of flight
 l - a potion of mutation
 n - a potion of brilliance


   Skills:
 - Level 3.0 Fighting
 + Level 5.5 Polearms
 - Level 1.0 Throwing
 - Level 3.0 Dodging
 - Level 2.0 Spellcasting
 - Level 3.0 Translocations


You had 5 spell levels left.
You knew the following spells:

 Your Spells              Type           Power        Failure   Level
a - Teleport Other        Tloc           9%           21%         3

Your spell library contained the following spells:

 Spells                   Type           Power        Failure   Level
 Blink                    Tloc           N/A          11%         2
 Gell's Gravitas          Tloc           4%           21%         3
 Lesser Beckoning         Tloc           4%           21%         3
 Passage of Golubria      Tloc           N/A          56%         4


Dungeon Overview and Level Annotations

Branches:
Dungeon (4/15)             Temple (1/1) D:4

Altars:
Ashenzari
Cheibriados
Dithmenos
Elyvilon
Fedhas
Gozag
Hepliaklqana
Kikubaaqudgha
Makhleb
Nemelex Xobeh
Okawaru
Qazlal
Ru
Trog
Uskayaw
Vehumet
Wu Jian
Xom
Yredelemnul
Zin
The Shining One


Innate Abilities, Weirdness & Mutations

((Your plain brown scales are hard. (AC +5)))
You cannot fit into any form of body armour.
((You are cold-blooded and may be slowed by cold attacks.))
Your life essence is reduced to manifest your ancestor. (-10% HP)


Message History

Aim: a black bear (almost dead, berserk)
The black bear flickers and vanishes!
Deactivating autopickup; reactivate with Ctrl-A.
Something bites you.
* * * LOW HITPOINT WARNING * * *
Something claws you.
* * * LOW HITPOINT WARNING * * *
Something claws you but does no damage. Something bites you.
* * * LOW HITPOINT WARNING * * *
Something claws you but does no damage. x2
Aiming: Random Effects
Press: ? - help, Shift-Dir - straight line, f - you You can't see any hostile targets that would be affected.
That beam is likely to hit you.
Continue anyway?
Okay, then.
Unknown command.
You barely miss something. Something bites you but does no damage.
Something claws you but does no damage. x2
You barely miss something. Something bites you!
You die...

##.##......#..## ##....###.......
#.##.####.#)#.###.##.........###
#..............#. ....###.##.#
###.).##..........>.(.# #.##.#
###..#..#..#.###.#####.# #.##.#
....###.......##.#####(###.##.###
###..#..#..#.........(........[).
##...##....###.{.........##.###
##.###...## #♣####..###.##...#
#.# #...## #..###..# #.####.# #.#
#....###...##..# #.# #.# ..#
#.#..#...#.##..# #.####.#
#.######.#.....#..##..# #.....#.
#.#......#..####..<...# ######.#
#.#.###....####...###.# #.#
##.#.##..#...##....###.# #.#
#....##.###.....#.##..># #.#


There were no monsters in sight!

Vanquished Creatures
  A quasit (D:4)
  An orc priest (D:2)
  Jessica (D:2)
  An iguana (D:4)
  Robin (D:4)
  A gnoll (D:4)
  3 adders
  3 oozes
  A worm (D:2)
  5 dart slugs
  A leopard gecko (D:3)
  4 orcs
  8 bats
  4 giant cockroaches
  11 goblins
  10 hobgoblins
  3 jackals (D:2)
  3 kobolds
  3 quokkas
  9 frilled lizards
  A jackal skeleton (D:4)
  A quokka skeleton (D:4)
  4 rats
80 creatures vanquished.

Vanquished Creatures (others)
  An ancestor (D:4)
1 creature vanquished.

Grand Total: 81 creatures vanquished

Notes
Turn   | Place    | Note
-------+----------+-------------------------------------------
     0 | D:1      | Klosterheim the Draconian Warper began the quest for the
                  | Orb.
     0 | D:1      | Reached XP level 1. HP: 17/17 MP: 3/3
   121 | D:1      | Reached skill level 1 in Throwing
   129 | D:1      | Reached XP level 2. HP: 25/25 MP: 5/5
   942 | D:2      | Reached XP level 3. HP: 17/30 MP: 6/6
  1347 | D:2      | Noticed Jessica
  1362 | D:2      | Killed Jessica
  1363 | D:2      | Reached skill level 3 in Polearms
  1363 | D:2      | Reached XP level 4. HP: 27/38 MP: 7/7
  2124 | D:2      | Reached skill level 4 in Polearms
  2634 | D:3      | Reached XP level 5. HP: 45/45 MP: 8/8
  2985 | D:4      | Noticed Robin
  3049 | D:4      | Killed Robin
  3234 | D:4      | Reached skill level 5 in Polearms
  3862 | D:4      | Learned a level 3 spell: Teleport Other
  3914 | D:4      | Noticed a black bear
  3998 | D:4      | Found a staircase to the Ecumenical Temple.
  4005 | Temple   | Entered the Ecumenical Temple
  4060 | Temple   | Became a worshipper of Hepliaklqana the Forgotten
  4466 | D:4      | HP: 3/60 [something (3)]
  4468 | D:4      | Slain by a black bear

Illustrated notes

Levels and vault maps discovered:
D:1:      dpeg_arrival_arbitrary_a, layout_loops_ring
D:2:      layout_rooms, uniq_jessica
D:3:      layout_loops_ring, uniq_sigmund
D:4:      layout_loops_ring, minmay_temple_entry_wispy,
          kennysheep_generic_room_10, uniq_robin
Temple:   kilobyte_greek_temple

Skill      XL: |  1  2  3  4  5 |
---------------+----------------+-----
Throwing       | 1 |  1.0
Dodging        | 3 |  3.0
Fighting       | 3 |  3.0
Polearms       | 3 4 5 |  5.5
Spellcasting   | |  2.0
Translocations | |  3.0

Action                   |  1- 3 |  4- 6 || total
-------------------------+-------+-------++-------
Melee: Spear             |   129 |   300 ||   429
       Tailslap          |     9 |    24 ||    33
Throw: Dart              |     9 |     6 ||    15
       Boomerang         |       |     8 ||     8
 Cast: Teleport Other    |       |     1 ||     1
Invok: Recall Ancestor   |       |     1 ||     1
Evoke: Wand              |       |     2 ||     2
  Use: Scroll            |       |    11 ||    11
       Potion            |       |     4 ||     4
 Stab: Sleeping          |     2 |       ||     2
Armor: Skin              |    26 |   184 ||   210
Dodge: Dodged            |    54 |   186 ||   240

Table legend: (Time is in decaauts)
 A = Elapsed time spent in this place.
 B = Non-inter-level travel time spent in this place.
 C = Inter-level travel time spent in this place.
 D = Time resting spent in this place.
 E = Time spent auto-exploring this place.
 F = Levels seen in this place.
 G = Mean time per level.
                   A        B        C        D        E       F      G
               +--------+--------+--------+--------+--------+-----+--------+
         Total |   4433 |   4336 |     97 |   1364 |   2104 |   5 |  886.6 |
       Dungeon |   4230 |   4145 |     85 |   1364 |   1926 |   4 | 1057.5 |
        Temple |    202 |    190 |     12 |      0 |    178 |   1 |  202.0 |
               +--------+--------+--------+--------+--------+-----+--------+

Top non-repeatable levels by time:
     D:4: 1403 daAuts
     D:2: 1359 daAuts
     D:1: 915 daAuts
     D:3: 552 daAuts
  Temple: 202 daAuts
